 Dungeon Crawl Stone Soup version 0.30-a0-1160-g6e42c06551 (webtiles) character file.

Game seed: 15986872353871969662

107 IdlyInterested the Trooper (level 4, -2/36 (37) HPs)
             Began as a Demonspawn Gladiator on Apr 26, 2023.
             Slain by Crazy Yiuf
             ... wielding a +3 quarterstaff of chaos
              (9 damage)
             ... on level 2 of the Dungeon.
             The game lasted 00:05:09 (1901 turns).

IdlyInterested the Trooper (Demonspawn Gladiator)   Turns: 1901, Time: 00:05:10

HP:   -2/36 (37)    AC: 19    Str: 14    XL:     4   Next: 57%
MP:   4/4           EV:  7    Int: 12    God:
Gold: 64            SH:  0    Dex: 14    Spells: 3/3 levels left

rFire   . . .        a - +0 rapier
rCold   . . .        (no shield)
rNeg    . . .        x - +3 chain mail {Will+}
rPois   .            c - +0 helmet
rElec   .            (no cloak)
rCorr   .            y - +0 pair of gloves
SInv    .            (no boots)
Will    +....        (no amulet) Stlth
                     o - +4 ring of protection
HPRegen 0.26/turn    (no ring)
MPRegen 0.09/turn

%: no passive effects
@: lightly drained
A: icy blue scales 1, weakness stinger 1
a: no special abilities


You were on level 2 of the Dungeon.
You visited 1 branch of the dungeon, and saw 2 of its levels.

You collected 64 gold pieces.

Inventory:

Hand Weapons
 a - a +0 rapier (weapon)
 g - a +0 short sword
 w - a +0 trident
Missiles
 d - 2 throwing nets
 f - 5 stones (quivered)
 l - 4 atropa-tipped darts
 n - a javelin
 z - 3 poisoned darts
Armour
 b - a +0 leather armour
 c - a +0 helmet (worn)
 m - a +0 scale mail
 x - a +3 chain mail of willpower (worn)
 y - a +0 pair of gloves (worn)
Jewellery
 o - a +4 ring of protection (left hand)
Scrolls
 h - a scroll of butterflies {unknown}
 i - 2 scrolls of identify {unknown}
 j - a scroll of fog {unknown}
 q - a scroll of blinking {unknown}
 s - a scroll of magic mapping {unknown}
 v - 2 scrolls of enchant weapon {unknown}
Potions
 e - a potion of magic {unknown}
 k - 5 potions of curing {unknown}
 p - a potion of lignification {unknown}
 r - 2 potions of heal wounds {unknown}
 t - a potion of haste
 u - 2 potions of flight {unknown}


   Skills:
 * Level 3.9 Fighting
 - Level 2.6 Short Blades
 - Level 2.0 Throwing
 + Level 1.0 Armour
 - Level 3.0 Dodging
 - Level 1.0 Stealth
 - Level 1.0 Evocations


You had 3 spell levels left.
You didn't know any spells.
Your spell library was empty.

Dungeon Overview and Level Annotations

Branches:
Dungeon (2/15)

Altars:
Trog

Annotations:
D:2 Crazy Yiuf


Innate Abilities, Weirdness & Mutations

You are partially covered in icy blue scales. (AC +2)
You have a small tail.


Message History

Crazy Yiuf seems less confused.
You hit Crazy Yiuf.
Crazy Yiuf is moderately wounded.
Crazy Yiuf drinks a potion.
Crazy Yiuf seems to speed up.
You catch the helpless Crazy Yiuf completely off-guard!
You hit Crazy Yiuf.
Crazy Yiuf is moderately wounded.
Crazy Yiuf hits you with a +3 quarterstaff of chaos.
You are electrocuted!
Crazy Yiuf hits you with a +3 quarterstaff of chaos!
* * * LOW HITPOINT WARNING * * *
Throw: 3 throwing nets
Press: ? - help, Shift-Dir - straight line, f/p - Crazy Yiuf
Aim: Crazy Yiuf, wielding a +3 quarterstaff of chaos and wearing a +0 cloak (moderately wounded, fast, blind, 64% to hit)
You throw a throwing net. The throwing net hits Crazy Yiuf.
Crazy Yiuf is caught in the net!
Crazy Yiuf is moderately wounded.
Crazy Yiuf struggles against the net.
You hit Crazy Yiuf but do no damage. You tail-slap Crazy Yiuf.
Crazy Yiuf is heavily wounded.
Crazy Yiuf is no longer blind.
Crazy Yiuf struggles against the net. x2
You catch the helpless Crazy Yiuf completely off-guard!
You hit Crazy Yiuf. You tail-slap Crazy Yiuf.
Crazy Yiuf is severely wounded.
Crazy Yiuf laughs, "Aardvark!"
Crazy Yiuf struggles against the net.
The net rips apart, and Crazy Yiuf comes free!
Crazy Yiuf barely misses you.
You barely miss Crazy Yiuf.
Crazy Yiuf is severely wounded.
Crazy Yiuf whimpers, "Prologue dark seventy!"
Crazy Yiuf hits you with a +3 quarterstaff of chaos.
* * * LOW HITPOINT WARNING * * *
You convulse.
* * * LOW HITPOINT WARNING * * *
You hit Crazy Yiuf.
Crazy Yiuf is severely wounded.
Crazy Yiuf cries, "Mountain!"
Crazy Yiuf hits you with a +3 quarterstaff of chaos!
You die...

~.##### #....####
~.....# #.......#
......# #.##.##.#
......# #########
......# ......#
......####♣♣ ###
##.####.#..♣♣ ♣♣#..)#
...###......♣♣♣♣@g...#
####.........♣..♣#...#
#......##...♣.♣♣♣ ###
#### #.##.#.###♣♣♣♣♣
##### #... .....#.#
#...# #.## .).###.#
#############.#.###.##
#......#
#..........#..........
##.#####
##.####.#.....#.###.#.
#.#
####.####.#.###.#.......


You could see Crazy Yiuf (fast).

Vanquished Creatures
  A hound (D:2)
  Terence (D:2)
  2 worms (D:2)
  2 dart slugs
  6 bats
  4 endoplasms
  2 giant cockroaches (D:2)
  A goblin (D:1)
  4 hobgoblins
  4 jackals (D:2)
  2 quokkas (D:1)
  5 ball pythons
  2 frilled lizards
  3 kobolds
  2 rats
41 creatures vanquished.

Notes
Turn   | Place    | Note
-------+----------+-------------------------------------------
     0 | D:1      | IdlyInterested the Demonspawn Gladiator began the quest for
                  | the Orb.
     0 | D:1      | Reached XP level 1. HP: 16/16 MP: 1/1
   232 | D:1      | Gained mutation: You have a small tail. [demonic ancestry]
   232 | D:1      | Reached XP level 2. HP: 17/22 MP: 2/2
   234 | D:1      | Reached skill level 1 in Stealth
   898 | D:2      | Gained mutation: You are partially covered in icy blue
                  | scales. (AC +2) [demonic ancestry]
   898 | D:2      | Reached XP level 3. HP: 21/28 MP: 3/3
  1066 | D:2      | Noticed Terence
  1089 | D:2      | Killed Terence
  1090 | D:2      | Reached skill level 1 in Armour
  1215 | D:2      | Found a bloodstained altar of Trog.
  1275 | D:2      | Found a faded altar of an unknown god.
  1288 | D:2      | Reached XP level 4. HP: 35/35 MP: 4/4
  1314 | D:2      | Reached skill level 1 in Evocations
  1335 | D:2      | Found a runed translucent door.
  1336 | D:2      | Noticed Crazy Yiuf
  1901 | D:2      | Slain by Crazy Yiuf

Illustrated notes

Levels and vault maps discovered:
D:1:      amcnicky_arrival_flooded_fountain, layout_rooms
D:2:      layout_loops_cross, serial_rivers, chequers_serial_rivers_small_b,
          chequers_serial_rivers_micro_d, chequers_serial_rivers_room_b,
          chequers_serial_rivers_micro_d, chequers_serial_rivers_small_a,
          chequers_serial_rivers_large_a, basic_altar,
          ebering_ecumenical_altar_mist, uniq_terence, uniq_crazy_yiuf_cottage

Skill      XL: |  1  2  3  4 |
---------------+-------------+-----
Throwing       | 2 |  2.0
Stealth        | 1 |  1.0
Dodging        | 3 |  3.0
Fighting       | 3 |  3.9
Armour         | 1 |  1.0
Evocations     | 1 |  1.0
Short Blades   | |  2.6

Action                     |  1- 3 |  4- 6 || total
---------------------------+-------+-------++-------
  Melee: Rapier            |   101 |    35 ||   136
         Tailslap          |    10 |     6 ||    16
         Punch             |     1 |       ||     1
  Throw: Stone             |     4 |       ||     4
         Throwing net      |     1 |     1 ||     2
         Javelin           |     1 |       ||     1
         Dart              |       |     2 ||     2
   Stab: Held in net/web   |     1 |     1 ||     2
         Invisible         |       |     1 ||     1
 Armour: Leather armour    |     6 |       ||     6
         Scale mail        |    19 |       ||    19
         Chain mail        |    15 |    30 ||    45
  Dodge: Dodged            |    47 |     8 ||    55

Table legend: (Time is in decaauts)
 A = Elapsed time spent in this place.
 B = Non-inter-level travel time spent in this place.
 C = Inter-level travel time spent in this place.
 D = Time resting spent in this place.
 E = Time spent auto-exploring this place.
 F = Levels seen in this place.
 G = Mean time per level.
                   A        B        C        D        E       F      G
               +--------+--------+--------+--------+--------+-----+--------+
         Total |   1925 |   1798 |    127 |    333 |   1011 |   2 |  962.5 |
       Dungeon |   1925 |   1798 |    127 |    333 |   1011 |   2 |  962.5 |
               +--------+--------+--------+--------+--------+-----+--------+

Top non-repeatable levels by time:
     D:2: 1078 daAuts
     D:1: 846 daAuts
